 Dungeon Crawl Stone Soup version 0.25-a0-35-g747a2b3c0c (webtiles) character file.

Game seed: 3236685491851548965, levelgen mode: deterministic

0 Gargoyl the Skirmisher (level 1, 0/19 HPs)
             Began as a Centaur Abyssal Knight on Oct 19, 2019.
             Was a Follower of Lugonu.
             Slain by a tentacled starspawn (14 damage)
             ... on level 1 of the Abyss.
             The game lasted 00:00:18 (75 turns).

Gargoyl the Skirmisher (Centaur Abyssal Knight)       Turns: 75, Time: 00:00:19

Health: 0/19       AC:  4    Str: 14    XL:     1   Next: 0%
Magic:  2/2        EV:  9    Int: 11    God:    Lugonu [*.....]
Gold:   14         SH:  0    Dex:  8    Spells: 0/0 levels left

rFire    . . .     SeeInvis .   a - +1 hand axe
rCold    . . .     Gourm    .   (no shield)
rNeg     . . .     Faith    .   b - +0 leather armour
rPois    .         Spirit   .   (no helmet)
rElec    .         Reflect  .   (no cloak)
rCorr    .         Harm     .   (no gloves)
MR       .....                  (no barding)
Stlth    ..........             (no amulet)
HPRegen  0.06/turn              (no ring)
MPRegen  0.08/turn              (no ring)

@: berserk cooldown, very quick
A: large, hooves 3, deformed body, speed 2, tough skin 3
a: Depart the Abyss, Renounce Religion


You were on level 1 of the Abyss.
You worshipped Lugonu.
Lugonu was aware of your devotion.
You were not hungry.

You visited 0 branches of the dungeon, and saw 0 of its levels.
You visited the Abyss 1 time.

You collected 14 gold pieces.

Inventory:

Hand Weapons
 a - a +1 hand axe (weapon)
Armour
 b - a +0 leather armour (worn)
Comestibles
 c - a ration


   Skills:
 + Level 3.0 Fighting
 + Level 1.7 Axes
 + Level 1.3 Armour
 + Level 0.6 Dodging
 + Level 2.0 Invocations


You couldn't memorise any spells.
You didn't know any spells.
Your spell library was empty.

Dungeon Overview and Level Annotations

Branches:
Dungeon (0/15)

Altars:


Innate Abilities, Weirdness & Mutations

You have hooves in place of feet.
Armour fits poorly on your strangely shaped body.
You cover ground very quickly.
You have extremely tough skin. (AC +3)


Message History

The worldbinder calls forth creatures from the Swamp!
The worldbinder calls forth creatures from the Swamp!
The insubstantial wisp blinks!
A tentacled starspawn comes into view.
The vampire mosquito barely misses you.
A tentacle flies out from the starspawn's body!
The quasit bites you but does no damage.
The quasit barely misses you.
The quasit claws you but does no damage.
A starspawn tentacle comes into view.
A starspawn tentacle comes into view.
You feel yourself speed up.
A tentacle flies out from the starspawn's body!
A starspawn tentacle comes into view.
You hit the tentacled starspawn but do no damage.
You kick the tentacled starspawn.
The tentacled starspawn is lightly damaged.
The tentacled starspawn bites you. The tentacled starspawn engulfs you!
Ouch! That really hurt!
You die...

. ..# ###
#. §
###@###
#.x# #
#wX##.# #
#..#
###.Xy#.#
#.## .
####.####
..###...
##.#.y.
###.x###
#..yy
.§..# . #
#...#5
#.##.###.
#.#..##
#v#.# .
####...#
.### #


You could see a tentacled starspawn and a starspawn tentacle.

Vanquished Creatures (others)
  2 starspawn tentacles (Abyss:1)
2 creatures vanquished.

Notes
Turn   | Place    | Note
-------+----------+-------------------------------------------
     0 | Abyss:1  | Gargoyl the Centaur Abyssal Knight began the quest for the
                  | Orb.
     0 | Abyss:1  | Reached XP level 1. HP: 19/19 MP: 2/2
    55 | Abyss:1  | Noticed a worldbinder
    59 | Abyss:1  | Noticed a quasit
    62 | Abyss:1  | Noticed an insubstantial wisp
    63 | Abyss:1  | Noticed a vampire mosquito
    63 | Abyss:1  | Noticed a tentacled starspawn
    75 | Abyss:1  | Slain by a tentacled starspawn

Levels and vault maps discovered:
Abyss:1

Action                   || total
-------------------------++-------
Melee: Hand axe          ||     1
       Kick              ||     1
  Use: Potion            ||     2
Armor: Leather armour    ||     2
Dodge: Dodged            ||     3

Table legend:
 A = Non-vault XP
 B = Vault XP
 C = Vault XP percentage of total XP
 D = Non-vault monster count
 E = Vault monster count
 F = Vault count percentage of total count
                 A         B        C        D         E       F
            +---------+---------+-------+---------+---------+-------
      Total |       0 |       0 |   N/A |       0 |       0 |  -nan
            +---------+---------+-------+---------+---------+-------
            +---------+---------+-------+---------+---------+-------
